 Dungeon Crawl Stone Soup version 0.24-a0-139-geb6712d (webtiles) character file.

Game seed: 432464834344687385

224 Anon1729 the Ducker (level 5, -2/23 HPs)
             Began as a Felid Earth Elementalist on Mar 2, 2019.
             Was an Initiate of Ru.
             Slain by an orc
             ... wielding a cursed -2 club
              (4 damage)
             ... on level 4 of the Dungeon.
             The game lasted 00:10:24 (6368 turns).

Anon1729 the Ducker (Felid Earth Elementalist)      Turns: 6368, Time: 00:10:24

Health: -2/23      AC:  2    Str:  5    XL:     5   Next: 67%
Magic:  9/10       EV: 20    Int: 17    God:    Ru [......]
Gold:   156        SH:  2    Dex: 17    Spells: 4/10 levels left
                                        Lives:  0   Deaths: 1

rFire    . . .     SeeInvis +     - Unarmed
rCold    . . .     Gourm    .   (shield unavailable)
rNeg     . . .     Faith    .   (armour unavailable)
rPois    .         Spirit   .   (helmet unavailable)
rElec    .         Reflect  +   (cloak unavailable)
rCorr    .         Harm     .   (gloves unavailable)
MR       .....                  (boots unavailable)
Stlth    +++.......             n - +2 amulet of reflection
HPRegen  0.07/turn              (no ring)
MPRegen  0.12/turn              (no ring)

@: quick
A: very small, no armour, no weapons or thrown items, stealth, claws 1, fangs 3,
see invisible, carnivore, speed 1, shaggy fur 2, slow metabolism 1, sharp paws
a: Renounce Religion


You were on level 4 of the Dungeon.
You worshipped Ru.
Ru was noncommittal.
You were full.

You visited 1 branch of the dungeon, and saw 5 of its levels.

You collected 156 gold pieces.

Inventory:

Missiles
 b - 31 stones
Jewellery
 n - a +2 amulet of reflection (around neck)
 o - an uncursed ring of ice
Wands
 m - a wand of random effects (16)
 p - a wand of flame (4)
 r - a wand of iceblast (8)
 s - a wand of acid (8)
Scrolls
 a - 2 scrolls of enchant weapon
 e - 3 scrolls of remove curse
 g - a scroll of magic mapping {unknown}
 i - a scroll of immolation {unknown}
 k - 3 scrolls of identify {unknown}
 l - 4 scrolls of teleportation {unknown}
 u - 2 scrolls of enchant armour {unknown}
 w - a scroll of random uselessness {unknown}
 x - a scroll of amnesia {unknown}
Potions
 d - a potion of haste
 f - a potion of might
 h - a potion of heal wounds
 j - a potion of curing {unknown}
 q - a potion of berserk rage {unknown}
 t - a potion of ambrosia {unknown}
 v - a potion of mutation {unknown}
Comestibles
 c - 8 rations


   Skills:
 + Level 2.6 Fighting
 + Level 4.6 Dodging
 - Level 3.0 Stealth
 + Level 2.5 Unarmed Combat
 + Level 3.2 Spellcasting
 - Level 1.1 Transmutations
 + Level 3.8 Earth Magic


You had 4 spell levels left.
You knew the following spells:

 Your Spells              Type           Power        Failure   Level  Hunger
a - Sandblast             Erth           ###...       3%          1    None
b - Passwall              Tmut/Erth      ##......     10%         2    ##.....
c - Stone Arrow           Conj/Erth      #.....       24%         3    ###....

Your spell library contained the following spells:

 Spells                   Type           Power        Failure   Level  Hunger
 Petrify                  Tmut/Erth      ##......     52%         4    ####...
 Lee's Rapid Deconstruct  Erth           ###.......   69%         5    ######.


Dungeon Overview and Level Annotations

Branches:
Dungeon (5/15)
 Temple: D:4-7

Altars:
Makhleb
Ru
Vehumet
The Shining One

Annotations:
D:4 Eustachio, Grinder


Innate Abilities, Weirdness & Mutations

You cannot wear armour.
You are incapable of wielding weapons or throwing items.
Your paws allow you to move quietly. (Stealth)
You have sharp claws.
You have razor-sharp teeth.
You have supernaturally acute eyesight. (SInv)
You are carnivorous and can eat meat at any time.
You cover ground quickly.
You are covered in thick fur. (AC +2)
You have a slow metabolism.
Your sharp claws are effective at attacking unaware monsters.


Message History

Press: ? - help, Shift-Dir - straight line, f - orc, p - orc wizard
Aim: an orc, wearing a +0 leather armour
Okay, then.
The orc completely misses you. The orc closely misses you.
An adder comes into view.
The orc hits you with a cursed -2 club. The orc hits you with a +0 club.
Eustachio shouts!
The adder hisses angrily.
The orc hits you but does no damage.
Eustachio gestures wildly while chanting.
You scratch the ufetubus but do no damage.
The orc closely misses you. The ufetubus closely misses you.
The ufetubus completely misses you. Eustachio hits you with a +0 falchion.
* * * LOW HITPOINT WARNING * * *
The orc closely misses you. The crimson imp barely misses you.
The ufetubus barely misses you. The ufetubus completely misses you.
The orc barely misses you. The orc hits you with a cursed -2 club.
You die...

#####...###...#
###.....#.
###o.......#######
##...###...?.....S.
#..### ........>5.
###o## ###.#####@
##.S.## #...
##..ooo## #.5r
#...@.@.# #...
##≈#555.# .....
#≈#....# .##§5. #
#...... ....
#....... #####
#....#### #.....
#....##


You could see Eustachio, an orc wizard, a crimson imp, an adder, a shadow imp, 3
orcs and an ufetubus.

Vanquished Creatures
  An orc priest (D:4)
  A hound (D:4)
  Ijyb (D:3)
  Natasha (thrice) (D:2)
  A worker ant (D:4)
  A hound skeleton (D:4)
  A gnoll (D:1)
  7 adders
  4 oozes
  A worm (D:3)
  3 dart slugs
  3 leopard geckos
  3 orcs
  4 giant cockroaches
  7 goblins
  7 hobgoblins
  5 jackals (D:3)
  2 quokkas (D:3)
  3 ball pythons
  7 bats
  6 frilled lizards
  A kobold (D:1)
  A leopard gecko skeleton (D:4)
  7 rats
80 creatures vanquished.

Notes
Turn   | Place    | Note
-------+----------+-------------------------------------------
     0 | D:1      | Anon1729 the Felid Earth Elementalist began the quest for
                  | the Orb.
     0 | D:1      | Reached XP level 1. HP: 7/7 MP: 4/4
   275 | D:1      | Reached XP level 2. HP: 5/12 MP: 3/6
   996 | D:1      | Learned a level 2 spell: Passwall
  1065 | D:1      | Reached skill level 3 in Dodging
  1134 | D:1      | Reached skill level 1 in Fighting
  1134 | D:1      | Reached skill level 1 in Unarmed Combat
  1134 | D:1      | Reached XP level 3. HP: 4/15 MP: 2/7
  2379 | D:2      | Noticed Natasha
  2383 | D:2      | Killed Natasha
  2383 | D:2      | Reached XP level 4. HP: 19/19 MP: 5/8
  2604 | D:2      | Learned a level 3 spell: Stone Arrow
  3004 | D:2      | Noticed Natasha
  3098 | D:2      | Killed Natasha
  3098 | D:2      | Reached XP level 5. HP: 13/22 MP: 4/10
  3545 | D:2      | Noticed Natasha
  3553 | D:2      | Killed Natasha
  3553 | D:2      | Reached skill level 4 in Dodging
  4147 | D:3      | Noticed Ijyb
  4474 | D:3      | Killed Ijyb
  4862 | D:3      | Found a sacrificial altar of Ru.
  4877 | D:3      | Became a worshipper of Ru the Awakened
  5008 | D:3      | Found a glowing golden altar of the Shining One.
  5198 | D:3      | Gained mutation: You are covered in thick fur. (AC +2)
                  | [Felid growth]
  5198 | D:3      | Reached XP level 6. HP: 25/27 MP: 2/11
  5834 | D:4      | Noticed Eustachio
  5851 | D:5      | Entered Level 5 of the Dungeon
  5857 | D:4      | Killed from afar by an orc priest
  5858 | D:4      | Reached XP level 5. HP: 0/23 MP: 4/10
  6146 | D:4      | Found a radiant altar of Vehumet.
  6146 | D:4      | Found a burning altar of Makhleb.
  6146 | D:4      | Noticed Grinder
  6154 | D:4      | HP: 1/23 [crimson imp/wand of flame (1) (1)]
  6368 | D:4      | Slain by an orc

Levels and vault maps discovered:
D:1:      dpeg_arrival_simpleton_b, layout_loops_ring
D:2:      layout_basic, uniq_natasha
D:3:      layout_basic, lemuel_crystal_altar, tso_metal_star, first_ration,
          uniq_ijyb
D:4:      layout_rooms, grunt_temple_overflow_lords_of_destruction,
          portal_sewer_entry_d, uniq_crazy_yiuf_cottage, uniq_grinder,
          uniq_eustachio
D:5:      layout_rooms, nicolae_overflow_crystal_walls, uniq_menkaure

Skill      XL: |  1  2  3  4  5 |
---------------+----------------+-----
Stealth        | 3 |  3.0
Dodging        | 3 4 |  4.6
Fighting       | 1 2 |  2.6
Unarmed Combat | 1 2 |  2.5
Earth Magic    | 3 |  3.8
Spellcasting   | 3 |  3.2
Transmutations | |  1.1

Action                   |  1- 3 |  4- 6 || total
-------------------------+-------+-------++-------
Melee: Unarmed           |   100 |   157 ||   257
       Bite              |     6 |    13 ||    19
       Punch             |       |     5 ||     5
 Cast: Sandblast         |    14 |    38 ||    52
       Stone Arrow       |       |    16 ||    16
       Passwall          |       |     1 ||     1
Evoke: Wand              |       |     4 ||     4
  Use: Scroll            |       |     2 ||     2
       Potion            |       |     2 ||     2
 Stab: Sleeping          |    10 |    15 ||    25
  Eat: Chunk             |    10 |    12 ||    22
Armor: Skin              |    18 |     7 ||    25
Dodge: Dodged            |   110 |   163 ||   273
Block: Other             |       |    14 ||    14

Table legend:
 A = Non-vault XP
 B = Vault XP
 C = Vault XP percentage of total XP
 D = Non-vault monster count
 E = Vault monster count
 F = Vault count percentage of total count
                 A         B        C        D         E       F
            +---------+---------+-------+---------+---------+-------
      Total |     455 |      71 |  13.5 |      78 |       2 |   2.5
            +---------+---------+-------+---------+---------+-------
        D:1 |      60 |       0 |   0.0 |      23 |       0 |   0.0
        D:2 |     167 |      33 |  16.5 |      23 |       1 |   4.2
        D:3 |      89 |      38 |  29.9 |      26 |       1 |   3.7
        D:4 |     139 |       0 |   0.0 |       6 |       0 |   0.0
            +---------+---------+-------+---------+---------+-------
